 Dungeon Crawl Stone Soup version 0.17-a0-1650-gce8475a (webtiles) character file.

10588 kae the Martial Artist (level 11, 0/77 HPs)
             Began as a Grey Draconian Transmuter on Aug 13, 2015.
             Was a Believer of Qazlal.
             Slain by a black mamba (14 damage)
             ... on level 1 of the Lair of Beasts.
             The game lasted 00:21:43 (13505 turns).

kae the Martial Artist (Grey Draconian Transmuter) Turns: 13505, Time: 00:21:43

Health: 0/77       AC: 18    Str: 13    XL:     11   Next: 38%
Magic:  13/14      EV: 12    Int: 14    God:    Qazlal [**....]
Gold:   414        SH:  3    Dex: 14    Spells: 3 memorised, 5 levels left

rFire  . . .     SeeInvis .       - Unarmed
rCold  . . .     Clarity  .     (armour unavailable)
rNeg   + . .     SustAt   .     (no shield)
rPois  .         Gourm    .     (helmet restricted)
rElec  .         Spirit   .     (no cloak)
rCorr  .         Warding  .     w - +2 pair of gloves
rMut   .         Stasis   .     r - +2 pair of boots
MR     .....                    (no amulet)
Stlth  +.........               x - ring of wizardry
                                B - ring of positive energy

@: appendage, not resistant to hostile enchantments, very unstealthy
A: walk through water, unfitting armour, horns 2, unbreathing, cold-blooded, AC
+12
a: End Transformation, Upheaval, Renounce Religion


You were on level 1 of the Lair of Beasts.
You worshipped Qazlal.
Qazlal was pleased with you.
You were not hungry.
You had grown temporary horns.
You visited 2 branches of the dungeon, and saw 10 of its levels.

You collected 518 gold pieces.
You spent 104 gold pieces at shops.

Inventory:

Missiles
 a - 93 arrows
 e - 8 poisoned javelins
 t - 2 throwing nets (quivered)
Armour
 r - a +2 pair of boots (worn)
 w - a +2 pair of gloves (worn)
Jewellery
 x - a ring of wizardry (right hand)
 B - a ring of positive energy (left hand)
Magical devices
 f - a wand of slowing (26)
 m - a wand of random effects (39)
 y - a wand of fire (2)
Scrolls
 d - 3 scrolls of magic mapping
 n - 2 scrolls of remove curse
 q - a scroll of enchant weapon
 s - 3 scrolls of identify
 z - a scroll of blinking
 C - a scroll of immolation {unknown}
Potions
 h - a potion of cancellation
 i - a potion of brilliance
 k - 3 potions of heal wounds
 p - 5 potions of curing
 v - a potion of ambrosia
Books
 b - a book of Changes

   Spells                             Type                      Level
   a - Beastly Appendage              Transmutation                1
   b - Sticks to Snakes               Transmutation                2
   c - Spider Form                    Transmutation/Poison         3
   d - Ice Form                       Ice/Transmutation            4
   e - Blade Hands                    Transmutation                5
 l - a book of Air

   Spells                             Type                      Level
   a - Shock                          Conjuration/Air              1
   b - Swiftness                      Charms/Air                   2
   c - Repel Missiles                 Charms/Air                   2
   d - Static Discharge               Conjuration/Air              3
   e - Lightning Bolt                 Conjuration/Air              5
 A - a book of Alchemy

   Spells                             Type                      Level
   a - Sublimation of Blood           Necromancy                   2
   b - Ignite Poison                  Fire/Transmutation/Poison    3
   c - Alistair's Intoxication        Transmutation/Poison         4
   d - Condensation Shield            Ice                          4
   e - Petrify                        Transmutation/Earth          4
   f - Irradiate                      Conjuration/Transmutation    5
Comestibles
 c - 6 bread rations
 g - 7 meat rations
 j - 2 fruits
 o - 7 beef jerkies
 u - a royal jelly
 D - 2 chunks of flesh


   Skills:
 - Level 1.1 Fighting
 - Level 1.7 Dodging
 * Level 14.4 Unarmed Combat
 - Level 2.0 Spellcasting
 + Level 10.5 Transmutations


You had 5 spell levels left.
You knew the following spells:

 Your Spells              Type           Power        Failure   Level  Hunger
a - Beastly Appendage     Trmt           ####..       1%          1    ##.....
b - Spider Form           Trmt/Pois      ###.......   4%          3    ####...
c - Blade Hands           Trmt           ####......   4%          5    ######.


Dungeon Overview and Level Annotations

Branches:
Dungeon (9/15)             Temple (0/1) D:7            Lair (1/8) D:8
    Orc: D:9-12

Altars:
Ashenzari
Dithmenos
Qazlal
Ru
Vehumet
Xom
Zin
The Shining One

Shops:
D:6 [   D:7 ?

Annotations:
D:7 exclusion: electric eel


Innate Abilities, Weirdness & Mutations

You can walk through water.
Your dull iron-grey scales are very hard (AC +12).
Your body does not fit into most forms of armour.
You can survive without breathing.
You are cold-blooded and may be slowed by cold attacks.
You have a pair of horns on your head.


Message History

You closely miss the black mamba. You headbutt the black mamba.
Your tail-slap misses the black mamba.
The black mamba is lightly wounded.
The black mamba closely misses you.
You closely miss the black mamba.
Your tail-slap misses the black mamba.
The black mamba is lightly wounded.
The black mamba closely misses you. x2
You punch the black mamba!
The black mamba is moderately wounded.
The black mamba bites you!
* * * LOW HITPOINT WARNING * * *
You are too injured to fight recklessly!
You are too injured to fight recklessly!
You are too injured to fight recklessly!
You are too injured to fight recklessly!
Unknown command.
You punch the black mamba! Your punch misses the black mamba.
The black mamba is severely wounded.
The black mamba bites you!
You die...

....##.#..........,,,,,,,,,,,,,,,
..##<.............,,,,,,,*,**,*,*
..................,,,,,,,*,,,,,,,
..##.)............,,,,,,,*,,,,,,,
....##...#..###+##***,,,,,,,,,,,,
.....#...#.###..#####*,,,,,,>,,,,
..#.........#.......#*,,,*,,,,,,,
..#.........##.§....#*,..,,,,,,,,
..#......#.÷##.#@####*...,,,,,,,,
..#......#..##'S######...*,,,,,,,
..#......#..†...../......+,,,,,,,
..#......................*,,**,**
...####.##...............,,,,,,,,
.....(...................,,,,,,,,
.........................,,,,,,,,
......./.................,,,,,,,,
.P#######................,∩,,,***


You could see a black mamba.

Vanquished Creatures
  Erolcha (D:9)
  Erica (D:9)
  Pikel (D:4)
  An oklob plant (Lair:1)
  Psyche (D:9)
  A komodo dragon (D:8)
  3 blink frogs
  13 yaks
  Grum (Lair:1)
  4 wolves
  2 hippogriffs
  2 water moccasins
  Duvessa (D:6)
  2 ice beasts
  4 orc warriors
  3 black bears
  8 porcupines
  4 slaves (D:4)
  5 ogres
  3 crocodiles
  A centaur (D:9)
  The ghost of bohran the Chiller, an average MfIE (D:3)
  5 giant frogs
  Dowan (D:6)
  A scorpion (D:6)
  A killer bee (D:8)
  A quasit (D:7)
  A centaur zombie (D:6)
  2 giant frog zombies
  2 orc priests
  A giant frog skeleton (D:9)
  3 crimson imps
  3 centaur skeletons
  4 hounds
  3 jellies
  4 iguanas
  6 worker ants
  8 sheep (Lair:1)
  6 orc wizards
  A worker ant zombie (D:6)
  A hound skeleton (D:5)
  11 adders
  4 gnolls (D:8)
  5 river rats (D:8)
  7 white imps (Lair:1)
  An adder skeleton (D:6)
  A worm (D:2)
  8 giant geckos
  20 orcs
  6 giant cockroaches
  4 goblins
  5 hobgoblins
  5 quokkas
  A ball python skeleton (D:5)
  9 bats
  A giant gecko skeleton (D:5)
  5 giant newts
  10 kobolds
  2 quokka skeletons
  6 rats
228 creatures vanquished.

Vanquished Creatures (others)
  2 bushes (D:8)
  3 fungi (D:8)
  9 plants (D:8)
14 creatures vanquished.

Grand Total: 242 creatures vanquished

Notes
Turn   | Place    | Note
--------------------------------------------------------------
     0 | D:1      | kae the Draconian Transmuter began the quest for the Orb.
     0 | D:1      | Reached XP level 1. HP: 16/16 MP: 3/3
   398 | D:1      | Reached XP level 2. HP: 21/23 MP: 3/5
  1228 | D:2      | Reached XP level 3. HP: 20/28 MP: 4/6
  1233 | D:2      | Learned a level 3 spell: Spider Form
  1242 | D:2      | Found a radiant altar of Vehumet.
  1599 | D:2      | Reached skill level 4 in Unarmed Combat
  1865 | D:2      | Reached XP level 4. HP: 30/35 MP: 5/7
  2057 | D:3      | Noticed bohran's ghost (average MfIE)
  2092 | D:3      | Killed bohran's ghost
  2092 | D:3      | Reached skill level 5 in Unarmed Combat
  2092 | D:3      | Reached XP level 5. HP: 17/40 MP: 8/8
  2211 | D:3      | Noticed a black bear
  2224 | D:3      | Killed a black bear
  2996 | D:4      | Reached XP level 6. HP: 30/47 MP: 7/9
  3672 | D:4      | Reached skill level 6 in Unarmed Combat
  3774 | D:4      | Noticed an ogre
  3791 | D:4      | Killed an ogre
  3822 | D:4      | Noticed a slave
  3822 | D:4      | Noticed a slave
  3822 | D:4      | Noticed a slave
  3823 | D:4      | Noticed a slave
  3850 | D:4      | Killed a slave
  3863 | D:4      | Killed a slave
  3870 | D:4      | Killed a slave
  3891 | D:4      | Your scales start taking on a dull iron-grey colour.
  3891 | D:4      | Gained mutation: You can survive without breathing. [Grey Draconian growth]
  3891 | D:4      | Reached XP level 7. HP: 30/52 MP: 3/10
  4027 | D:4      | Noticed Pikel
  4049 | D:4      | Killed Pikel
  4049 | D:4      | Reached skill level 8 in Unarmed Combat
  4049 | D:4      | Reached skill level 5 in Transmutations
  4250 | D:4      | Killed a freed slave
  4370 | D:5      | Entered Level 5 of the Dungeon
  4377 | D:5      | Reached XP level 8. HP: 59/59 MP: 9/11
  4678 | D:5      | Learned a level 5 spell: Blade Hands
  4767 | D:5      | Found a shattered altar of Ashenzari.
  5163 | D:6      | Reached skill level 9 in Unarmed Combat
  5276 | D:6      | Noticed Duvessa
  5463 | D:6      | Found a stormy altar of Qazlal.
  5534 | D:6      | Became a worshipper of Qazlal Stormbringer
  5567 | D:6      | Found Teliaq's Armour Boutique.
  5734 | D:6      | Found a shadowy altar of Dithmenos.
  5890 | D:6      | Noticed Dowan
  5901 | D:6      | Killed Dowan
  5906 | D:6      | Killed Duvessa
  6272 | D:7      | Found a sacrificial altar of Ru.
  6328 | D:7      | Reached skill level 10 in Unarmed Combat
  6328 | D:7      | Reached XP level 9. HP: 43/64 MP: 10/12
  6480 | D:7      | Noticed an angel
  6481 | D:7      | Found a shimmering altar of Xom.
  6482 | D:7      | Found a glowing silver altar of Zin.
  6578 | D:7      | Found Jeohuf's Magic Scroll Emporium.
  6587 | D:7      | Bought a scroll of identify for 26 gold pieces
  6587 | D:7      | Bought a scroll of identify for 26 gold pieces
  6587 | D:7      | Bought a scroll of identify for 26 gold pieces
  6587 | D:7      | Bought a scroll of identify for 26 gold pieces
  6746 | D:7      | Found a glowing golden altar of the Shining One.
  7003 | D:7      | Found a staircase to the Ecumenical Temple.
  7850 | D:7      | Reached skill level 11 in Unarmed Combat
  8242 | D:8      | Found a staircase to the Lair.
  8267 | D:8      | Acquired Qazlal's first power
  8394 | D:8      | HP: 3/64 [porcupine (13)]
  9003 | D:8      | Reached XP level 10. HP: 22/71 MP: 13/13
  9337 | D:8      | Reached skill level 12 in Unarmed Combat
 10722 | D:9      | Noticed Psyche
 10736 | D:9      | Killed Psyche
 10782 | D:9      | Noticed Erolcha
 10792 | D:9      | Killed Erolcha
 10792 | D:9      | Reached skill level 13 in Unarmed Combat
 11027 | D:9      | Noticed Erica
 11658 | D:9      | Killed Erica
 11658 | D:9      | Acquired Qazlal's second power
 11658 | D:9      | Reached skill level 10 in Transmutations
 11658 | D:9      | Reached XP level 11. HP: 54/77 MP: 11/14
 12098 | Lair:1   | Entered Level 1 of the Lair of Beasts
 12510 | Lair:1   | Reached skill level 14 in Unarmed Combat
 13143 | Lair:1   | Noticed Grum
 13405 | Lair:1   | Killed Grum
 13505 | Lair:1   | Slain by a black mamba

Vault maps used:
D:1:      minmay_arrival_up_and_down, serial_bayou, serial_bayou_pond_e,
          serial_bayou_shore_b, serial_bayou_pond_c, serial_bayou_ford_a,
          grunt_decor_resistance
D:2:      vehumet_crystals
D:4:      first_bread, uniq_pikel
D:5:      cheibrodos_ashenzari_chains
D:6:      nicolae_dithmenos_through_a_glass_darkly,
          nicolae_qazlal_general_emergency, serial_shops,
          nicolae_shop_waterfront, uniq_duvessa
D:7:      statuecave_lemuel, grunt_temple_overflow_order_and_chaos_1,
          overflow_temple_1_default, nicolae_overflow_hidden_temple,
          minmay_temple_entry_poolview, serial_shops, shop, grunt_ogre_cave,
          item_on_display_a
D:8:      minmay_lair_entry_grove
D:9:      uniq_erica, uniq_erolcha, uniq_psyche
Lair:1:   portal_ice_cave_entry_imps, dpeg_stationary_puzzle,
          grunt_megastairs_3, uniq_grum

Action                   |  1- 3 |  4- 6 |  7- 9 | 10-12 || total
-------------------------+-------+-------+-------+-------++-------
Melee: Unarmed           |   156 |   145 |   338 |   321 ||   960
 Cast: Beastly Appendage |    21 |    13 |    37 |    29 ||   100
       Spider Form       |     1 |     4 |     8 |    16 ||    29
Evoke: Wand              |       |       |       |     5 ||     5
  Use: Scroll            |       |     3 |    10 |     6 ||    19
       Potion            |       |     2 |     3 |     1 ||     6
 Stab: Sleeping          |     1 |       |     2 |       ||     3
       Invisible         |       |     5 |     6 |       ||    11
       Distracted        |       |       |     1 |       ||     1
  Eat: Chunk             |     4 |     2 |    16 |    17 ||    39
       Meat ration       |       |     1 |       |       ||     1
       Pizza             |       |       |     2 |       ||     2
